 Dungeon Crawl Stone Soup version 0.30-a0-458-g86641cc369 (webtiles) character file.

Game seed: 10497418265652585711

31964 zishaf the Dancer (level 13, -8/72 HPs)
             Began as a Vine Stalker Brigand on Dec 14, 2022.
             Was a High Priest of Uskayaw.
             Succumbed to a redback's poison
             ... on level 3 of the Lair of Beasts.
             The game lasted 00:35:29 (13775 turns).

zishaf the Dancer (Vine Stalker Brigand)           Turns: 13775, Time: 00:35:30

Health: -8/72      AC: 14    Str: 20    XL:     13   Next: 61%
Magic:  30/33      EV: 14    Int: 14    God:    Uskayaw [*****.]
Gold:   2718       SH: 13    Dex: 19    Spells: 12/12 levels left

rFire   . . .      SeeInvis .    b - +4 quick blade of Beloved Subterfuge {freeze, MP+9 Str+4 Int+3}
rCold   + + +      Faith    .    y - +2 buckler {rC+}
rNeg    . . .      Spirit   +    P - +1 steam dragon scales
rPois   .          Reflect  +    f - +0 helmet
rElec   .          Harm     .    c - +0 cloak
rCorr   .          Rampage  ∞    q - +1 pair of gloves
Will    +....                    i - +3 pair of seven-league boots {Rampage+∞}
Stlth   ++++......               N - amulet of reflection
HPRegen 1.12/turn                H - ring of protection from cold
MPRegen 0.23/turn                S - ring of protection from cold

@: lethally poisoned (-8 -> -111), studying 2 skills
A: fangs 3, regeneration 1, magic shield, antimagic bite, no potion heal 2
a: Renounce Religion, Stomp, Line Pass, Grand Finale


You were on level 3 of the Lair of Beasts.
You worshipped Uskayaw.
Uskayaw was pleased with you.
You visited 3 branches of the dungeon, and saw 15 of its levels.
You also visited: Ossuary, Bailey, Gauntlet and Ice Cave.

You collected 3078 gold pieces.
You spent 360 gold pieces at shops.

Inventory:

Hand Weapons
 a - a +5 dagger of venom
 b - the +4 quick blade of Beloved Subterfuge (weapon) {freeze, MP+9 Str+4 Int+3}
   (You acquired it on level 2 of the Lair of Beasts)

   It freezes those it strikes, dealing additional cold damage.
   It can also slow down cold-blooded creatures.
   Str:       It affects your strength (+4).
   Int:       It affects your intelligence (+3).
   MP:        It affects your magic capacity (+9).
 T - a +1 quick blade of holy wrath
Missiles
 d - 40 poisoned darts
 e - 6 curare-tipped darts
 C - 8 boomerangs (quivered)
 I - 4 atropa-tipped darts
 X - 6 javelins
Armour
 c - a +0 cloak (worn)
 f - a +0 helmet (worn)
 i - the +3 pair of seven-league boots (worn) {Rampage+∞}
   (You acquired it on level 4 of the Dungeon)

   Its wearer moves as far as possible in that direction when moving towards
   enemies.
 k - the +0 buckler of Remnefaa {rPois}
   (You found it on level 6 of the Dungeon)

   rPois:     It protects you from poison.
 q - a +1 pair of gloves (worn)
 y - a +2 buckler of cold resistance (worn)
 M - a +0 tower shield of cold resistance
 P - +1 steam dragon scales (worn)
Jewellery
 n - a ring of fire
 s - the ring "Taptit" {Fire rPois rN+ Str+6 Int-4}
   (You found it in a Gauntlet)

   [ring of fire]

   It enhances your fire magic.
   Str:       It affects your strength (+6).
   Int:       It affects your intelligence (-4).
   rF:        It protects you from fire.
   rC:        It makes you vulnerable to cold.
   rPois:     It protects you from poison.
   rN:        It protects you from negative energy.
 D - a +4 ring of evasion
 H - a ring of protection from cold (left hand)
 N - an amulet of reflection (around neck)
 R - a ring of flight
 S - a ring of protection from cold (right hand)
Wands
 g - a wand of flame (41)
 t - a wand of roots (14)
 v - a wand of digging (4)
 z - a wand of paralysis (20)
 Q - a wand of quicksilver (4)
Scrolls
 l - 4 scrolls of enchant armour
 x - 2 scrolls of immolation
 K - 2 scrolls of blinking
 L - 4 scrolls of teleportation
 O - 3 scrolls of poison
 U - 4 scrolls of identify
 Z - a scroll of fear
Potions
 h - 4 potions of lignification
 j - 3 potions of attraction
 m - 6 potions of might
 o - 2 potions of berserk rage
 p - 6 potions of curing
 r - 2 potions of ambrosia
 u - 2 potions of haste
 w - 2 potions of invisibility
 A - 4 potions of brilliance
 B - a potion of resistance
 E - 2 potions of flight
 G - a potion of magic
 J - 5 potions of cancellation
Miscellaneous
 F - a tin of tremorstones (2/2)
 V - a phial of floods


   Skills:
 + Level 10.2 Fighting
 - Level 8.0 Short Blades
 - Level 8.3 Throwing
 + Level 5.1 Dodging
 + Level 8.1 Stealth
 + Level 5.2 Shields
 + Level 13.7 Invocations


You had 12 spell levels left.
You didn't know any spells.
Your spell library contained the following spells:

 Spells                   Type           Power      Damage    Failure   Level
 Kiss of Death            Conj/Necr      0%         2d5       36%         1
 Call Imp                 Summ           0%         N/A       50%         2
 Cigotuvi's Dreadful Rot  Necr/Pois/Air  0%         N/A       50%         2
 Ensorcelled Hibernation  Hex/Ice        0%         N/A       50%         2
 Passwall                 Tmut/Erth      0%         N/A       50%         2
 Poisonous Vapours        Pois/Air       0%         N/A       50%         2
 Confusing Touch          Hex            0%         N/A       73%         3
 Dazzling Flash           Conj/Hex       0%         N/A       73%         3
 Gell's Gravitas          Tloc           0%         N/A       73%         3
 Inner Flame              Hex/Fire       0%         N/A       73%         3
 Kindle Blastsparks       Fire/Tloc/Air  0%         2d10      73%         3
 Lesser Beckoning         Tloc           0%         N/A       73%         3
 Mephitic Cloud           Conj/Pois/Air  0%         N/A       73%         3
 Portal Projectile        Hex/Tloc       0%         N/A       73%         3
 Swiftness                Air            0%         N/A       73%         3
 Teleport Other           Tloc           0%         N/A       73%         3
 Tukima's Dance           Hex            0%         N/A       73%         3
 Cause Fear               Hex            0%         N/A       98%         4
 Dispel Undead            Necr           0%         3d6       98%         4
 Flame Wave               Conj/Fire      0%         2d4       98%         4
 Iskenderun's Mystic Bla  Conj/Tloc      0%         2d3       98%         4
 Sticky Flame             Conj/Fire      0%         2d3       98%         4
 Blade Hands              Tmut           0%         N/A       100%        5
 Freezing Cloud           Conj/Ice/Air   0%         6-21      100%        5
 Starburst                Conj/Fire      0%         6d3       100%        6
 Monstrous Menagerie      Summ           0%         N/A       100%        7
 Discord                  Hex            0%         N/A       100%        8
 Maxwell's Capacitive Co  Air            0%         ∞         100%        8
 Polar Vortex             Ice            0%         N/A       100%        9


Dungeon Overview and Level Annotations

Branches:
Dungeon (11/15)            Temple (1/1) D:4            Lair (3/5) D:9
  Swamp (0/4) Lair:3       Spider (0/4) Lair:3          Orc (0/2) D:11
Ossuary (visited)          Bailey (visited)           IceCv (visited)
Gauntlet (visited)

Altars:
Cheibriados
Dithmenos
Fedhas
Gozag
Hepliaklqana
Nemelex Xobeh
Okawaru
Qazlal
Sif Muna
Trog
Uskayaw
Vehumet
Wu Jian
Xom
Yredelemnul
Zin
The Shining One

Shops:
D:8 *   D:9 :   D:10 =

Annotations:
D:10 1 runed translucent door, zishaf's ghost, journeyman DjVM
D:11 3 runed translucent doors, pokeman's ghost, journeyman DEHW


Innate Abilities, Weirdness & Mutations

You have razor-sharp teeth.
Your natural rate of healing is unusually fast.
When hurt, damage is shared between your health and your magic reserves.
Your bite disrupts and absorbs the magic of your enemies.
Potions cannot restore your health.


Message History

You feel very sick. You block the redback's attack.
You hit the redback. You freeze the redback. You bite the redback.
You drain its power.
You feel invigorated.
The redback is heavily wounded.
You feel very sick. You block the redback's attack.
Uskayaw will force your foes to share their pain.
Uskayaw links your audience in an emotional bond!
You hit the redback. You freeze the redback. Your bite misses the redback.
The redback is heavily wounded.
You feel very sick. The redback misses you.
You closely miss the redback. Your bite misses the redback.
The redback is heavily wounded.
You feel very sick. The redback bites you!
You are lethally poisoned!
The redback poisons you!
You hit the redback. You freeze the redback.
The redback is almost dead.
You feel very sick. The redback closely misses you.
You barely miss the redback. You bite the redback.
You kill the redback!
You feel very sick.
You can now merge with and destroy a victim.
You puncture the redback! You freeze the redback. You bite the redback.
You drain its power.
You feel invigorated.
The redback is almost dead.
You feel extremely sick. The redback bites you.
You are more poisoned.
The redback poisons you!
You hit the redback. You freeze the redback.
You kill the redback!
* * * LOW HITPOINT WARNING * * *
You feel extremely sick.
Found a hole to the Spider Nest.
You die...

*,,,,,,,,,,,*
##.....
*****,....,,,,,*
#P.....
****,,,,,....##*,,*
#......
*,*,,,,**#...^^##,*
#......
**,,,,,,###..^^^^**
##...÷.
*,,,,,,^^^#...^###
#......
***,,,,,,^^^^...#.#
#P.....
***,,,,,,.^>^..^..#
##.....
,,,,,,^,,,^^^#..@.##
##....÷
,,,,,,,,,^^^##.....#
#......
,,,,,,,,,*^##^..^..#
##....÷
,,,,,,,..**#^.....##
##.....
,,,,,,,^.###...^..#
#......
,,,,,,,...#.......#
##.....
,,,,,,,.........#.#
#.....
***,,**...........#
#.....
*****...........#
#.....


There were no monsters in sight!

Vanquished Creatures
  A minotaur (Gauntlet)
  A hydra (D:11)
  3 two-headed ogres
  3 death yaks (D:9)
  Sonja (D:10)
  2 bog bodies (IceCv)
  A deep elf pyromancer (D:10)
  A cyclops (D:11)
  An ugly thing (D:11)
  An ice statue (IceCv)
  A gargoyle (Bailey)
  9 cane toads
  Maggie (Lair:1)
  2 anaconda simulacra (IceCv)
  3 ice devils
  6 komodo dragons
  2 trolls (D:11)
  A troll (shapeshifter) (Gauntlet)
  A wind drake (shapeshifter) (Gauntlet)
  A tyrant leech (Lair:3)
  4 blink frogs (Lair:2)
  6 dream sheep (Lair:3)
  3 centaur simulacra (Gauntlet)
  35 yaks
  A vampire (Bailey)
  2 wyverns (D:10)
  A wraith (D:10)
  3 death yak simulacra (IceCv)
  A basilisk (Lair:3)
  A chaos spawn (Gauntlet)
  3 redbacks (Lair:3)
  3 steam dragons
  An acid dragon (D:11)
  A harpy simulacrum (IceCv)
  Menkaure (D:7)
  3 water moccasins (Lair:3)
  Duvessa (D:6)
  A hydra simulacrum (IceCv)
  2 ice beasts
  2 orc warriors (D:7)
  A meliai simulacrum (Gauntlet)
  4 sky beasts
  3 ogres
  2 black bears
  5 wolves (Lair:3)
  6 centaurs
  A phantom (D:6)
  3 kobold brigands
  3 necrophages
  2 bullfrogs
  2 gnoll sergeants
  5 two-headed ogre simulacra (IceCv)
  2 scorpions
  3 water moccasin zombies (Ossuary)
  3 cane toad simulacra (IceCv)
  8 wights
  A hornet simulacrum (Gauntlet)
  Dowan (D:6)
  9 killer bees
  9 vampire bats (Bailey)
  4 elephant simulacra (IceCv)
  10 wolf zombies (Bailey)
  An electric eel (Lair:1)
  7 howler monkeys
  4 hounds
  A jelly (D:5)
  4 orc priests
  2 centaur skeletons (D:3)
  2 gnoll boudas
  4 iguanas
  7 orc wizards
  A scorpion zombie (D:3)
  A troll simulacrum (IceCv)
  4 polar bear simulacra (IceCv)
  5 spriggan simulacra (IceCv)
  A wolf simulacrum (IceCv)
  2 hound skeletons (D:3)
  2 mummies (Ossuary)
  23 gnolls
  8 adders
  3 naga simulacra (IceCv)
  6 white imps (IceCv)
  8 ufetubi
  8 adder zombies
  An adder skeleton (D:3)
  2 worms
  A dart slug (D:1)
  23 orcs
  10 ball pythons
  10 endoplasms
  7 giant cockroaches
  2 gnoll zombies (Ossuary)
  7 goblins
  6 hobgoblins
  8 jackals
  24 kobolds
  10 quokkas
  A ball python skeleton (D:3)
  A ball python zombie (D:3)
  3 frilled lizards
  3 hobgoblin zombies (Ossuary)
  10 kobold zombies (Ossuary)
  28 orc zombies
  11 rats
476 creatures vanquished.

Vanquished Creatures (others)
  A fungus (Lair:2)
  10 plants
11 creatures vanquished.

Grand Total: 487 creatures vanquished

Notes
Turn   | Place    | Note
-------+----------+-------------------------------------------
     0 | D:1      | zishaf the Vine Stalker Brigand began the quest for the
                  | Orb.
     0 | D:1      | Reached XP level 1. HP: 11/11 MP: 2/2
   152 | D:1      | Reached skill level 1 in Dodging
   152 | D:1      | Reached XP level 2. HP: 11/15 MP: 1/3
   201 | D:1      | Reached skill level 5 in Stealth
   453 | D:1      | Reached XP level 3. HP: 17/18 MP: 4/4
   945 | D:2      | Gained mutation: Your natural rate of healing is unusually
                  | fast. [Vine Stalker growth]
   945 | D:2      | Reached XP level 4. HP: 23/23 MP: 5/5
  1092 | D:2      | Found a shimmering altar of Xom.
  1214 | D:2      | Got the Compilation of the Bouncing Blessings
  1573 | D:3      | Reached XP level 5. HP: 28/28 MP: 6/6
  1762 | D:3      | Found a faded altar of an unknown god.
  2047 | D:3      | Reached XP level 6. HP: 32/32 MP: 7/7
  2365 | D:4      | Found a sand-covered staircase.
  2370 | Ossuary  | Entered an ossuary
  2519 | Ossuary  | Reached XP level 7. HP: 36/38 MP: 4/8
  2658 | D:4      | Found a staircase to the Ecumenical Temple.
  2696 | Temple   | Entered the Ecumenical Temple
  2713 | Temple   | Became a worshipper of Uskayaw the Reveller
  2832 | D:4      | Reached * piety under Uskayaw
  2834 | D:4      | Reached ** piety under Uskayaw
  2838 | D:4      | Reached skill level 1 in Invocations
  2839 | D:4      | Reached *** piety under Uskayaw
  2932 | D:4      | Identified 2 scrolls of acquirement
  2932 | D:4      | Acquired 930 gold pieces
  2933 | D:4      | Acquired the +3 pair of seven-league boots {Rampage+∞}
  2933 | D:4      | Found the +3 pair of seven-league boots {Rampage+∞}
  3111 | D:4      | Found a basalt altar of Yredelemnul.
  3195 | D:4      | Reached skill level 5 in Fighting
  3195 | D:4      | Reached skill level 5 in Short Blades
  3195 | D:4      | Reached skill level 2 in Invocations
  3197 | D:4      | Found an ornate altar of the Wu Jian Council.
  3203 | D:4      | Found a hazy altar of Hepliaklqana.
  3208 | D:4      | Found an iron altar of Okawaru.
  3208 | D:4      | Found a glowing golden altar of the Shining One.
  3286 | D:5      | Entered Level 5 of the Dungeon
  3329 | D:5      | Gained mutation: You have razor-sharp teeth. [Vine Stalker
                  | growth]
  3329 | D:5      | Reached XP level 8. HP: 41/43 MP: 9/11
  3516 | D:5      | Reached skill level 3 in Invocations
  3715 | D:5      | Reached skill level 4 in Invocations
  4105 | D:6      | Identified the +0 buckler of Remnefaa {rPois}
  4203 | D:5      | Reached skill level 1 in Shields
  4203 | D:5      | Reached **** piety under Uskayaw
  4208 | D:6      | Reached ***** piety under Uskayaw
  4269 | D:6      | Reached skill level 5 in Invocations
  4333 | D:6      | Noticed Dowan
  4334 | D:6      | Noticed Duvessa
  4351 | D:6      | Reached XP level 9. HP: 48/48 MP: 13/13
  4356 | D:6      | Killed Duvessa
  4361 | D:6      | Killed Dowan
  4680 | D:7      | Noticed Menkaure
  4684 | D:7      | Killed Menkaure
  4685 | D:7      | Reached skill level 6 in Invocations
  5008 | D:7      | Found a sparkling altar of Nemelex Xobeh.
  5402 | D:7      | Reached skill level 7 in Invocations
  5834 | D:7      | Reached XP level 10. HP: 50/53 MP: 16/16
  6455 | D:8      | You fall into a shaft and drop 1 floor!
  6455 | D:9      | Found Enion's Book Shop.
  6593 | D:8      | Acquired a +0 quick blade of holy wrath
  6965 | D:8      | Found Ajafet's General Store.
  7296 | D:9      | Reached skill level 8 in Invocations
  7403 | D:9      | Found a staircase to the Lair.
  7404 | D:9      | Noticed a death yak
  7404 | D:9      | Noticed a death yak
  7443 | D:9      | Noticed a death yak
  7561 | D:9      | Noticed a two-headed ogre
  7571 | D:9      | Killed a two-headed ogre
  7996 | D:10     | Entered Level 10 of the Dungeon
  7996 | D:10     | Noticed a two-headed ogre
  8011 | D:10     | Killed a two-headed ogre
  8060 | D:10     | Noticed a deep elf pyromancer
  8074 | D:10     | Killed a deep elf pyromancer
  8075 | D:10     | Reached skill level 9 in Invocations
  8075 | D:10     | Reached XP level 11. HP: 58/58 MP: 18/18
  8101 | D:10     | Noticed Sonja
  8109 | D:10     | Killed Sonja
  8110 | D:10     | Reached skill level 5 in Throwing
  8164 | D:10     | Found a flagged portal.
  8170 | D:10     | Identified the +4 spear of Upilic {flame, Fly rF- Will+}
  8174 | Bailey   | Entered a bailey
  8425 | Bailey   | Reached skill level 5 in Shields
  8554 | Bailey   | Reached ****** piety under Uskayaw
  8930 | D:10     | Found a runed translucent door.
  8931 | D:10     | Noticed zishaf's ghost (journeyman DjVM)
  8939 | D:10     | Noticed a two-headed ogre
  8957 | D:10     | Reached skill level 10 in Invocations
  8960 | D:10     | Killed a two-headed ogre
  9114 | D:10     | Found Osuwaj's Jewellery Emporium.
  9119 | D:10     | Bought an amulet of reflection for 360 gold pieces
  9475 | D:11     | Noticed pokeman's ghost (journeyman DEHW)
  9475 | D:11     | Noticed a boulder beetle
  9481 | D:11     | Noticed a two-headed ogre
  9489 | D:11     | Noticed a minotaur
  9499 | D:11     | Noticed a two-headed ogre
  9613 | D:11     | Reached skill level 11 in Invocations
  9661 | D:11     | Reached XP level 12. HP: 57/65 MP: 17/21
  9881 | D:11     | Found a runed translucent gate.
  9882 | D:11     | Found a runed translucent gate.
  9892 | D:11     | Found a runed translucent gate.
  9953 | D:11     | Noticed a seven-headed hydra
  9991 | D:11     | Killed a seven-headed hydra
 10302 | D:11     | Found a staircase to the Orcish Mines.
 10662 | D:9      | Killed a death yak
 10664 | D:9      | Killed a death yak
 10665 | D:9      | Killed a death yak
 10666 | D:9      | Reached skill level 12 in Invocations
 10768 | Lair:1   | Entered Level 1 of the Lair of Beasts
 10806 | Lair:1   | Noticed Maggie
 10807 | Lair:1   | Found a blossoming altar of Fedhas.
 10818 | Lair:1   | Killed Maggie
 10933 | Lair:1   | You fall into a shaft and drop 1 floor!
 11087 | Lair:2   | Acquired a manual of Dodging
 11089 | Lair:2   | Acquired 1196 gold pieces
 11090 | Lair:2   | Acquired the +4 quick blade of Beloved Subterfuge {freeze,
                  | MP+9 Str+4 Int+3}
 12468 | Lair:3   | Found a gate leading to a gauntlet.
 12489 | Lair:3   | Reached XP level 13. HP: 68/71 MP: 23/23
 12496 | Lair:3   | Reached skill level 13 in Invocations
 12548 | Gauntlet | Entered a Gauntlet
 12548 | Gauntlet | Noticed an entropy weaver
 12548 | Gauntlet | Found a transporter.
 12548 | Gauntlet | Found a transporter.
 12549 | Gauntlet | Found a transporter.
 12552 | Gauntlet | Found a transporter.
 12552 | Gauntlet | Found a transporter.
 12565 | Gauntlet | Found a transporter.
 12566 | Gauntlet | Found a transporter.
 12599 | Gauntlet | Found a transporter.
 12607 | Gauntlet | Found a transporter.
 12624 | Gauntlet | Found a transporter.
 12629 | Gauntlet | Found a transporter.
 12651 | Gauntlet | Found a transporter.
 12777 | Gauntlet | Reached skill level 10 in Fighting
 12807 | Gauntlet | Identified the ring of the Gloaming {rCorr Int+2}
 12814 | Gauntlet | Noticed a minotaur
 12832 | Gauntlet | Killed a minotaur
 12841 | Gauntlet | Identified the ring "Taptit" {Fire rPois rN+ Str+6 Int-4}
 12897 | Lair:3   | Found a frozen archway.
 12952 | IceCv    | Entered an ice cave
 13348 | IceCv    | Got the Tome of Frigorific Beckoning
 13702 | Lair:3   | Found a staircase to the Swamp.
 13744 | Lair:3   | Reached skill level 5 in Dodging
 13775 | Lair:3   | Found a hole to the Spider Nest.
 13775 | Lair:3   | Succumbed to a redback's poison

Illustrated notes

Levels and vault maps discovered:
D:1:      dpeg_arrival_fog, layout_loops_cross
D:2:      wander_river, layout_basic, basic_altar, st_stairs_7,
          minmay_rat_gold_closets
D:3:      layout_loops_ring, serial_undead, serial_undead_e, serial_undead_e,
          serial_undead_a, serial_undead_b, serial_undead_b, serial_undead_a,
          hellmonk_ecumenical_altar_lost_god
D:4:      layout_cave_pools, nicolae_overflow_hallway_of_the_gods,
          temple_pool_b, enter_ossuary_2
D:5:      layout_cave_pods
D:6:      layout_cave_pools, nicolae_grassy_gnolls, uniq_duvessa
D:7:      layout_layer_cave, nemelex_dance_club_becter, uniq_menkaure
D:8:      layout_basic, serial_shops, nicolae_shop_behind_doors
D:9:      layout_basic, dpeg_lair_monsters, serial_shops, shop
D:10:     layout_basic, serial_shops, kennysheep_little_box, enter_bailey_2,
          ebering_ghost_reflecting_pool, uniq_sonja
D:11:     layout_irregular_city, orc_0_dummy, maelrawn_ghost_gauntlet_escape
Temple:   compressed_dpeg_triangle_lava_temple
Lair:1:   layout_cellular_growth, basic_altar, infiniplex_staircase_pool,
          serial_bayou_shore_a, serial_bayou_shore_b, grunt_megastairs_1,
          uniq_maggie
Lair:2:   layout_regular_city
Lair:3:   layout_big_grid, minmay_swamp_entry_worms, spider_nest_entry_webs,
          portal_ice_cave_demonic_guard, gauntlet_entry_generic

Skill      XL: |  1  2  3  4  5  6  7  8  9 10 11 12 13 |
---------------+----------------------------------------+-----
Dodging        | 1 2 5 |  5.1
Short Blades   | 2 3 4 5 6 7 8 |  8.0
Throwing       | 2 3 4 6 7 8 |  8.3
Stealth        | 5 6 8 |  8.1
Fighting       | 2 3 4 5 6 7 8 9 10 | 10.2
Invocations    | 2 5 7 9 11 12 13 | 13.7
Shields        | 1 3 4 5 |  5.2

Action                   |  1- 3 |  4- 6 |  7- 9 | 10-12 | 13-15 || total
-------------------------+-------+-------+-------+-------+-------++-------
Melee: Dagger            |   100 |   228 |   325 |   490 |       ||  1143
       Bite              |    21 |    72 |   115 |   341 |   231 ||   780
       Punch             |       |     2 |     4 |       |       ||     6
       Quick blade       |       |       |       |   308 |   468 ||   776
Throw: Dart              |       |     6 |       |       |       ||     6
       Boomerang         |       |       |     6 |       |       ||     6
Evoke: Wand              |       |       |       |     3 |       ||     3
  Use: Scroll            |       |       |    22 |    13 |     2 ||    37
       Potion            |       |       |       |     2 |     1 ||     3
 Stab: Sleeping          |    10 |    12 |     2 |     1 |     1 ||    26
       Paralysed         |       |       |    13 |    58 |    12 ||    83
       Distracted        |       |       |     1 |     1 |       ||     2
       Invisible         |       |       |       |       |     5 ||     5
Armor: Ring mail         |    41 |    95 |    93 |       |       ||   229
       Steam dragon scal |       |       |    25 |   108 |    35 ||   168
Dodge: Dodged            |    37 |    92 |   114 |   266 |    71 ||   580
Block: Buckler           |       |       |    38 |   158 |    82 ||   278
       Reflection        |       |       |       |       |     2 ||     2

Table legend: (Time is in decaauts)
 A = Elapsed time spent in this place.
 B = Non-inter-level travel time spent in this place.
 C = Inter-level travel time spent in this place.
 D = Time resting spent in this place.
 E = Time spent auto-exploring this place.
 F = Levels seen in this place.
 G = Mean time per level.
                   A        B        C        D        E       F      G
               +--------+--------+--------+--------+--------+-----+--------+
         Total |  13023 |  12417 |    606 |    225 |   8645 |  19 |  685.4 |
       Dungeon |   9736 |   9220 |    516 |    134 |   6814 |  11 |  885.1 |
        Temple |     27 |     11 |     16 |      0 |      8 |   1 |   27.0 |
          Lair |   1850 |   1776 |     74 |      0 |   1430 |   3 |  616.7 |
       Ossuary |    202 |    202 |      0 |      0 |     89 |   1 |  202.0 |
        Bailey |    420 |    420 |      0 |     91 |    100 |   1 |  420.0 |
      Ice Cave |    518 |    518 |      0 |      0 |    202 |   1 |  518.0 |
      Gauntlet |    267 |    267 |      0 |      0 |      0 |   1 |  267.0 |
               +--------+--------+--------+--------+--------+-----+--------+

Top non-repeatable levels by time:
     D:7: 1505 daAuts
     D:9: 1135 daAuts
    D:11: 966 daAuts
    D:10: 920 daAuts
     D:8: 845 daAuts
  Lair:2: 841 daAuts
     D:3: 840 daAuts
     D:2: 811 daAuts
     D:5: 792 daAuts
  Lair:1: 782 daAuts
     D:1: 693 daAuts
     D:4: 655 daAuts
     D:6: 571 daAuts
   IceCv: 518 daAuts
  Bailey: 420 daAuts
